AoeStats
← IdliDosa

Arena

506696578Analyzed
4v4 RM · 18d ago on Sep 14, 2026· 55m 14s· 8 players
Game mode
Random Map
Map size
Large (8 player)
Population
200
Speed
Normal
Resources
Standard
Victory
Conquest
Starting age
Dark Age
Ending age
Imperial Age
RankedLock teamsTeams togetherTeam positionsShared explorationLock speedFull tech treeHidden civsTurbo modeCheats
Victory
Defeat
🇫🇷 Slavs · France
1248
+16
🇫🇷 Ethiopians · France
1228
+17
🇦🇷 Lithuanians · Argentina
1224
+17
🇳🇴 Teutons · Norway
1223
+17
🇩🇪 Japanese · Germany
1283
-18
🇭🇰 Burgundians · Hong Kong SAR China
1252
-17
🇩🇪 Cumans · Germany
1238
-16
🇮🇳 Malay · India
1235
-16
BlueStaR
12:46 Feudal Age
14:50 Double-Bit Axe
14:47 Horse Collar
17:25 Castle Age
15:37 Gold Mining
15:37 Stone Mining
19:47 Heavy Plow
20:42 Bow Saw
22:25 Wheelbarrow
24:01 Hand Cart
24:42 Fletching
26:40 Ballistics
29:01 Imperial Age
27:04 Bodkin Arrow
28:22 Gold Shaft Mining
28:22 Stone Shaft Mining
28:53 Padded Archer Armor
28:34 Crossbowman
29:20 Thumb Ring
29:45 Bracer
30:48 Chemistry
29:22 Arbalester
30:19 Leather Archer Armor
30:38 Conscription
31:57 Two-Man Saw
32:20 Squires
36:15 Caravan
36:51 Scale Mail Armor
37:01 Forging
37:22 Ring Archer Armor
42:10 Chain Mail Armor
42:31 Iron Casting
45:59 Halberdier
46:35 Heavy Scorpion
52:47 Arson
marekh
8:56 Loom
11:33 Feudal Age
13:39 Wheelbarrow
16:15 Castle Age
14:31 Double-Bit Axe
14:51 Horse Collar
23:03 Husbandry
26:59 Pikeman
30:21 Forging
30:19 Scale Barding Armor
36:10 Heavy Plow
38:34 Forging
42:06 Chain Barding Armor
41:47 Scale Mail Armor
42:25 Iron Casting
46:44 Scale Mail Armor
50:29 Imperial Age
52:47 Bloodlines
Johhey
7:41 Loom
10:48 Feudal Age
11:32 Double-Bit Axe
13:56 Fletching
18:31 Horse Collar
26:50 Castle Age
24:58 Scale Mail Armor
31:13 Pikeman
33:36 Squires
34:08 Heavy Plow
34:51 Bow Saw
37:39 Forging
38:26 Wheelbarrow
38:52 Bodkin Arrow
41:58 Iron Casting
46:39 Ironclad
49:41 Imperial Age
48:16 Hand Cart
47:49 Arson
50:30 Chain Mail Armor
50:15 Halberdier
52:10 Chemistry
52:22 Blast Furnace
51:28 Town Watch
51:41 Gold Mining
53:13 Plate Mail Armor
54:10 Siege Engineers
55:29 Crenellations
55:30 Conscription
Bydeep
11:13 Feudal Age
15:09 Castle Age
13:21 Horse Collar
14:23 Double-Bit Axe
23:08 Bow Saw
22:51 Loom
24:25 Bloodlines
25:18 Scale Barding Armor
29:43 Chain Barding Armor
29:34 Forging
30:07 Husbandry
31:33 Wheelbarrow
30:43 Town Watch
34:59 Imperial Age
32:45 Hand Cart
34:28 Iron Casting
35:11 Cavalier
37:23 Plate Barding Armor
36:38 Paladin
38:22 Light Cavalry
54:31 Heavy Plow
Agent
11:20 Feudal Age
12:02 Loom
17:19 Fletching
23:26 Horse Collar
24:42 Double-Bit Axe
25:35 Wheelbarrow
27:51 Castle Age
26:41 Stone Mining
27:51 Wheelbarrow
28:41 Scale Mail Armor
28:53 Forging
33:50 Gold Mining
34:16 Pikeman
34:58 Squires
35:55 Gold Shaft Mining
36:20 Chain Mail Armor
39:35 Imperial Age
37:19 Heavy Plow
41:37 Bow Saw
44:38 Fortified Wall
46:18 Halberdier
Ace
9:32 Feudal Age
10:53 Wheelbarrow
10:06 Double-Bit Axe
10:37 Horse Collar
21:21 Castle Age
20:32 Scale Barding Armor
20:37 Forging
21:23 Bloodlines
23:39 Bow Saw
25:38 Heavy Plow
30:38 Chain Barding Armor
32:02 Iron Casting
34:16 Loom
37:10 Imperial Age
38:20 Cavalier
39:37 Guilds
40:56 Paladin
43:17 Paladin
45:51 Pikeman
46:32 Squires
46:43 Halberdier
IdliDosa
11:06 Feudal Age
11:08 Horse Collar
11:34 Double-Bit Axe
17:29 Castle Age
18:19 Bow Saw
18:11 Heavy Plow
20:38 Forging
20:26 Loom
20:58 Squires
23:42 Iron Casting
30:28 Imperial Age
28:23 Arson
30:19 Conscription
30:47 Wheelbarrow
30:48 Crop Rotation
30:28 Capped Ram
33:37 Blast Furnace
33:57 Fletching
33:33 Elite Karambit Warrior
39:06 Hand Cart
39:39 Town Watch
44:57 Scale Barding Armor
46:10 Stone Mining
46:10 Gold Mining
46:56 Husbandry
46:17 Elite Battle Elephant
49:37 Pikeman
51:19 Gold Shaft Mining
51:19 Stone Shaft Mining
52:13 Forced Levy
54:18 Halberdier
55:06 Man-at-Arms
8216699
4:41 Double-Bit Axe
7:34 Horse Collar
11:32 Feudal Age
15:08 Castle Age
14:13 Bow Saw
14:04 Heavy Plow
14:17 Heavy Plow
21:34 Wheelbarrow
22:59 Husbandry
23:24 Scale Barding Armor
23:29 Forging
23:35 Cavalier
27:13 Hand Cart
26:50 Gold Mining
27:22 Chain Barding Armor
28:21 Iron Casting
28:39 Crop Rotation
28:45 Gold Shaft Mining
28:01 Stone Mining
29:29 Two-Man Saw
32:43 Stone Shaft Mining
38:35 Imperial Age
35:58 Fletching
36:08 Padded Archer Armor
38:57 Paladin
40:18 Plate Barding Armor
40:43 Blast Furnace
39:49 Elite Coustillier
40:35 Burgundian Vineyards
40:51 Conscription
42:36 Hoardings
42:44 Hoardings
42:30 Conscription
42:07 Bodkin Arrow
43:22 Onager
47:01 Fortified Wall
50:32 Scale Mail Armor
52:41 Loom
53:15 Light Cavalry
Connection lost

Rejoining the realm…

Still unreachable

The connection could not be restored.

Session expired

The server has moved on; the page needs a fresh start.